 Dungeon Crawl Stone Soup version 0.16-a0-2739-g09de7a3 (webtiles) character file.

9795 Vendetta the Nimble (level 11, -7/106 HPs)
             Began as a Minotaur Fighter on Nov 27, 2014.
             Was an Elder of Okawaru.
             Mangled by a nine-headed hydra (8 damage)
             ... on level 10 of the Dungeon.
             The game lasted 01:24:27 (13472 turns).

Vendetta the Nimble (Minotaur Fighter)             Turns: 13472, Time: 01:24:27

Health: -7/106     AC: 12    Str: 29    XL:     11   Next: 27%
Magic:  5/5        EV: 23    Int: 14    God:    Okawaru [****..]
Gold:   286        SH: 13    Dex: 16    Spells: 0 memorised, 10 levels left

rFire  . . .     SeeInvis .     o - +0 falchion (slice)
rCold  . . .     Clarity  .     H - +3 leather armour "Chyjefin" {Str+3}
rNeg   + . .     SustAb   .     c - +0 shield
rPois  .         Gourm    .     (helmet restricted)
rElec  .         Spirit   .     (no cloak)
rCorr  .         Warding  .     (no gloves)
rMut   .         Stasis   .     w - +2 pair of boots of the Present {Str+3 Int+4}
MR     .....                    g - amulet of rage
Stlth  ++........               p - ring of positive energy
                                h - +5 ring of intelligence

@: agile, not resistant to hostile enchantments, unstealthy
A: retaliatory headbutt, horns 2, slimy green scales 1, robust 1
a: Heroism, Renounce Religion, Evoke Berserk Rage


You were on level 10 of the Dungeon.
You worshipped Okawaru.
Okawaru was greatly pleased with you.
You were not hungry.

You visited 3 branches of the dungeon, and saw 12 of its levels.

You collected 611 gold pieces.
You spent 325 gold pieces at shops.

Inventory:

Hand weapons
 o - a +0 falchion of slicing (weapon)
 s - a +2 dagger of venom
Missiles
 r - 2 javelins of penetration (quivered)
Armour
 c - a +0 shield (worn)
 n - a +5 ring mail
 w - the +2 pair of boots of the Present (worn) {Str+3 Int+4}
   (You found it on level 5 of the Dungeon)

   It affects your strength (+3).
   It affects your intelligence (+4).
 H - the +3 leather armour "Chyjefin" (worn) {Str+3}
   (You found it on level 10 of the Dungeon)

   It affects your strength (+3).
Jewellery
 g - an amulet of rage (around neck)
 h - a +5 ring of intelligence (left hand)
 m - an uncursed amulet of resist mutation
 p - a ring of positive energy (right hand)
 y - an uncursed ring of protection from cold
Magical devices
 t - a wand of polymorph (22)
 u - a wand of cold (2)
 C - a wand of slowing (19)
 D - a wand of paralysis (10)
 G - a wand of flame (10)
Scrolls
 a - a scroll of remove curse
 f - 2 scrolls of fear
 i - a scroll of amnesia
 q - 6 scrolls of identify
 F - 3 scrolls of recharging
Potions
 b - a potion of agility
 e - 2 potions of might
 v - a potion of magic
 z - 6 potions of curing
 A - a potion of berserk rage
Books
 k - a book of Conjurations

   Spells                             Type                      Level
   Magic Dart                         Conjuration                  1
   Searing Ray                        Conjuration                  2
   Dazzling Spray                     Conjuration/Hexes            3
   Fulminant Prism                    Conjuration/Hexes            4
   Iskenderun's Mystic Blast          Conjuration                  4
   Iskenderun's Battlesphere          Conjuration/Charms           5
 l - a book of the Tempests

   Spells                             Type                      Level
   Static Discharge                   Conjuration/Air              3
   Lightning Bolt                     Conjuration/Air              5
   Fireball                           Conjuration/Fire             5
   Tornado                            Air                          9
   Shatter                            Earth                        9
Comestibles
 d - 7 bread rations
 j - a beef jerky
 B - 6 royal jellies
 E - a slice of pizza


   Skills:
 * Level 9.4 Fighting
 - Level 0.2(4.0) Short Blades
 * Level 7.2(7.3) Long Blades
   Level 2.8 Axes
 + Level 8.7 Armour
 + Level 11.2 Dodging
 - Level 0.1 Stealth
 - Level 10.7 Shields
 + Level 0.8 Invocations


You had 10 spell levels left.
You didn't know any spells.

Dungeon Overview and Level Annotations

Branches:
Dungeon (10/15)            Temple (1/1) D:5            Lair (1/8) D:10
    Orc: D:9-12

Altars:
Ashenzari
Cheibriados
Dithmenos
Fedhas
Kikubaaqudgha
Makhleb
Nemelex Xobeh
Okawaru
Ru
Trog
Vehumet
Xom
Yredelemnul
Zin

Shops:
D:8 !!?[%


Innate Abilities, Weirdness & Mutations

You reflexively headbutt those who attack you in melee.
You have a pair of horns on your head.
You are partially covered in slimy green scales (AC +2).
You are robust (+10% HP).


Message History

The nine-headed hydra misses you.
You block the nine-headed hydra's attack.
The nine-headed hydra bites you but does no damage.
You block the nine-headed hydra's attack.
You block the nine-headed hydra's attack.
The nine-headed hydra closely misses you.
The nine-headed hydra misses you.
You block the nine-headed hydra's attack.
The nine-headed hydra completely misses you.
The nine-headed hydra bites you.
* * * LOW HITPOINT WARNING * * *
The nine-headed hydra bites you but does no damage.
The nine-headed hydra bites you.
* * * LOW HITPOINT WARNING * * *
The nine-headed hydra bites you!
* * * LOW HITPOINT WARNING * * *
The nine-headed hydra bites you!
* * * LOW HITPOINT WARNING * * *
The nine-headed hydra bites you!
You die...

###### ##########
####....# ##........#
#.......###.........##
#.........@D.........#
#....................#
###...............#...#
#.................#...###
#.......................#
#.......................#
##.......................#
#....)................####
#.......................##


You could see a nine-headed hydra.

Vanquished Creatures
  A hill giant (D:9)
  A gargoyle (D:10)
  2 two-headed ogres (D:9)
  A queen bee (D:8)
  A wyvern (D:10)
  2 deep elf magi (D:9)
  A hungry ghost (D:9)
  A hippogriff (D:10)
  8 yaks
  Edmund (D:6)
  3 wargs (D:10)
  A necrophage (D:10)
  2 orc warriors
  3 black bears
  The ghost of Vendetta the Shield-Bearer, an average MiFi of Okawaru (D:3)
  A yellow wasp (D:10)
  3 centaurs (D:8)
  A sky beast (D:8)
  3 ogres
  A crocodile (D:9)
  Sigmund (D:4)
  2 gnoll sergeants
  A big kobold (D:7)
  6 giant frogs
  43 killer bees
  2 scorpions
  2 crimson imps
  6 orc priests
  2 centaur zombies
  3 goliath beetles
  3 hounds
  2 jellies
  7 worker ants
  3 giant frog skeletons
  10 orc wizards
  2 centaur skeletons
  2 iguanas
  2 gnoll shamans (D:6)
  Jessica (D:2)
  A hound zombie (D:6)
  A worker ant zombie (D:10)
  A mummy (D:6)
  43 gnolls
  12 adders
  A worm (D:4)
  A giant mite (D:7)
  An ooze (D:4)
  48 orcs
  11 bats
  2 bat skeletons (D:4)
  A bat zombie (D:5)
  10 hobgoblins
  29 jackals
  14 kobolds
  3 quokkas
  4 ball pythons
  5 giant cockroaches
  8 giant geckos
  6 giant newts
  A giant spore (D:8)
  20 goblins
  3 quokka skeletons
  7 rats
  A spectral orc (D:3)
  2 ballistomycetes (D:8)
  2 plants (D:7)
376 creatures vanquished.

Vanquished Creatures (others)
  A worker ant (D:8)
  An orc (D:8)
  5 giant spores (D:8)
7 creatures vanquished.

Grand Total: 383 creatures vanquished

Notes
Turn   | Place    | Note
--------------------------------------------------------------
     0 | D:1      | Vendetta, the Minotaur Fighter, began the quest for the Orb.
     0 | D:1      | Reached XP level 1. HP: 19/19 MP: 1/1
   452 | D:2      | Reached skill level 4 in Armour
   452 | D:2      | Reached XP level 2. HP: 27/27 MP: 1/1
   717 | D:2      | Found an ancient bone altar of Kikubaaqudgha.
   723 | D:2      | Reached XP level 3. HP: 31/33 MP: 2/2
   735 | D:2      | Noticed Jessica
   748 | D:2      | Killed Jessica
  1187 | D:2      | Reached XP level 4. HP: 40/40 MP: 2/2
  1304 | D:2      | Gained mutation: You are partially covered in slimy green scales (AC +2). [potion of beneficial mutation]
  1415 | D:2      | Reached skill level 1 in Dodging
  1426 | D:3      | Noticed Vendetta's ghost (average MiFi)
  2080 | D:3      | Killed Vendetta's ghost
  2080 | D:3      | Reached skill level 5 in Shields
  2080 | D:3      | Reached XP level 5. HP: 29/47 MP: 2/2
  2311 | D:3      | Found a basalt altar of Yredelemnul.
  2504 | D:3      | Gained mutation: You are robust (+10% HP). [potion of mutation]
  2541 | D:4      | Noticed Sigmund
  2543 | D:4      | Found a sacrificial altar of Ru.
  2601 | D:4      | Killed Sigmund
  2601 | D:4      | Reached skill level 5 in Armour
  2601 | D:4      | Reached XP level 6. HP: 21/58 MP: 3/3
  4281 | D:5      | Entered Level 5 of the Dungeon
  4420 | D:5      | Got a pair of faintly glowing boots
  4427 | D:5      | Identified the +2 pair of boots of the Present {Str+3 Int+4} (You found it on level 5 of the Dungeon)
  4726 | D:5      | Reached skill level 6 in Shields
  4726 | D:5      | Reached XP level 7. HP: 63/66 MP: 3/3
  4864 | D:5      | Found a staircase to the Ecumenical Temple.
  4875 | Temple   | Entered the Ecumenical Temple
  4930 | Temple   | Became a worshipper of Warmaster Okawaru
  5685 | D:6      | Reached skill level 5 in Dodging
  5691 | D:6      | Reached skill level 5 in Fighting
  6048 | D:6      | Reached skill level 7 in Shields
  6065 | D:6      | Reached XP level 8. HP: 48/74 MP: 3/3
  6123 | D:6      | Acquired Okawaru's first power
  6336 | D:6      | HP: 3/74 [poisoned by a gnoll]
  6343 | D:6      | HP: 1/74 [poisoned by a gnoll]
  6350 | D:6      | HP: 1/74 [poisoned by a gnoll]
  6358 | D:6      | HP: 1/74 [poisoned by a gnoll]
  7473 | D:6      | Reached skill level 8 in Shields
  7614 | D:6      | Noticed Edmund
  7626 | D:6      | Killed Edmund
  7777 | D:6      | Reached skill level 1 in Long Blades
  8105 | D:7      | Reached XP level 9. HP: 82/82 MP: 4/4
  8824 | D:8      | Reached skill level 9 in Shields
  9348 | D:8      | Found Cuemei's Distillery.
  9364 | D:8      | Bought a potion of curing for 42 gold pieces
  9364 | D:8      | Bought a potion of heal wounds for 70 gold pieces
  9364 | D:8      | Bought a potion of curing for 42 gold pieces
  9585 | D:8      | Found Roofod's Distillery.
  9601 | D:8      | Bought 2 potions of curing for 72 gold pieces
  9630 | D:8      | Found Plog's Magic Scroll Emporium.
  9697 | D:8      | Reached skill level 10 in Shields
 10083 | D:8      | Reached XP level 10. HP: 87/92 MP: 4/4
 10141 | D:8      | Bought a scroll of remove curse for 33 gold pieces
 10141 | D:8      | Bought a scroll of remove curse for 33 gold pieces
 10141 | D:8      | Bought a scroll of remove curse for 33 gold pieces
 10187 | D:8      | Found Pluy's Armour Shop.
 10199 | D:8      | Found Huawk's Food Shop.
 11245 | D:9      | Reached skill level 10 in Dodging
 11260 | D:9      | Reached skill level 5 in Long Blades
 11847 | D:10     | Entered Level 10 of the Dungeon
 11847 | D:10     | Noticed a hill giant
 11864 | D:9      | Killed a hill giant
 12474 | D:10     | Reached XP level 11. HP: 102/106 MP: 5/5
 12537 | D:10     | Found a staircase to the Lair.
 12621 | D:10     | Got a dazzling leather armour
 12780 | D:10     | Reached skill level 11 in Dodging
 13384 | D:10     | Identified the cursed +3 leather armour "Chyjefin" {Str+3} (You found it on level 10 of the Dungeon)
 13399 | Lair:1   | Entered Level 1 of the Lair of Beasts
 13411 | Lair:1   | Noticed a six-headed hydra
 13472 | D:10     | HP: 1/106 [nine-headed hydra (12)]
 13472 | D:10     | Mangled by a nine-headed hydra

Action                   |  1- 3 |  4- 6 |  7- 9 | 10-12 || total
-------------------------+-------+-------+-------+-------++-------
Melee: War axe           |    39 |       |       |       ||    39
       Dagger            |    35 |   301 |   219 |       ||   555
       Falchion          |       |       |   338 |   386 ||   724
Invok: Heroism           |       |       |     1 |     1 ||     2
 Abil: Evoke Berserk Rag |       |       |     4 |     5 ||     9
Evoke: Wand              |       |       |       |    10 ||    10
  Use: Potion            |     1 |    11 |     8 |     8 ||    28
       Scroll            |       |     7 |     6 |     6 ||    19
 Stab: Paralysed         |       |       |       |     4 ||     4
  Eat: Chunk             |     1 |     7 |    13 |    15 ||    36
       Fruit             |       |     1 |       |       ||     1
       Bread ration      |       |     1 |     1 |       ||     2
       Beef jerky        |       |       |     1 |       ||     1
       Pizza             |       |       |     1 |       ||     1
       Royal jelly       |       |       |       |     1 ||     1
